 Dungeon Crawl Stone Soup version 0.29-a0-284-gf9362112df (webtiles) character file.

Game seed: 16758708978872531439

22 spaghetti the Grave Robber (level 2, -8/15 HPs)
             Began as a Deep Elf Necromancer on Mar 20, 2022.
             Mangled by Terence
             ... wielding a +0 mace
              (10 damage)
             ... on level 1 of the Dungeon.
             The game lasted 00:02:54 (1233 turns).

spaghetti the Grave Robber (Deep Elf Necromancer)   Turns: 1233, Time: 00:02:55

Health: -8/15      AC:  2    Str:  5    XL:     2   Next: 68%
Magic:  3/8        EV: 12    Int: 19    God:
Gold:   18         SH:  0    Dex: 15    Spells: 5/8 levels left

rFire   . . .      SeeInvis .   (no weapon)
rCold   . . .      Faith    .   (no shield)
rNeg    . . .      Spirit   .   a - +0 robe
rPois   .          Reflect  .   (no helmet)
rElec   .          Harm     .   (no cloak)
rCorr   .          Rampage  .   (no gloves)
Will    .....                   (no boots)
Stlth   ++........              (no amulet)
HPRegen 0.05/turn               (no ring)
MPRegen 0.11/turn               (no ring)

@: no status effects
A: no striking features
a: no special abilities


You were on level 1 of the Dungeon.
You visited 1 branch of the dungeon, and saw 2 of its levels.

You collected 18 gold pieces.


   Skills:
 - Level 2.4 Dodging
 - Level 2.4 Stealth
 + Level 3.7 Spellcasting
 * Level 0.6 Summonings
 - Level 5.2 Necromancy
 + Level 0.3 Fire Magic


You had 5 spell levels left.
You knew the following spells:

 Your Spells              Type           Power      Damage    Failure   Level
a - Pain                  Necr           92%        1d8       1%          1
b - Scorch                Fire           8%         2d5       19%         2

Your spell library contained the following spells:

 Spells                   Type           Power      Damage    Failure   Level
 Animate Skeleton         Necr           46%        N/A       1%          1
 Vampiric Draining        Necr           23%        2d7       4%          3
 Animate Dead             Necr           11%        N/A       16%         4
 Agony                    Necr           23%        N/A       41%         5
 Flame Wave               Conj/Fire      4%         2d5       78%         4
 Summon Cactus Giant      Summ           3%         N/A       100%        6

Inventory:

Hand Weapons
 b - a +0 dagger {short}
   (You took it off a goblin on level 1 of the Dungeon)
 c - a +0 short sword {short}
   (You took it off a kobold on level 1 of the Dungeon)
 d - a +0 whip {mace}
   (You found it on level 1 of the Dungeon)
 e - a +0 dagger {short}
   (You took it off a goblin on level 1 of the Dungeon)
 f - a +0 dagger {short}
   (You found it on level 2 of the Dungeon)
Armour
 a - a +0 robe (worn)

Dungeon Overview and Level Annotations

Branches:
Dungeon (2/15)

Altars:

Shops:
D:2 [

Annotations:
D:1 Terence

##......# #......≈≈...#
#......# #......≈≈...#
#......# ####......#.#
#......# #.####.#.#
#......# #....#.#.#
##+##### ###.<.###.#
####+##### #.#....##.#
.........######.####.##.#
....>.........#@@....##.#
.........####...≈≈......#
.........# #...≈≈......#
.........# #...........#
.........# #..#######..#
.........# #### ####
>........# .........#
.........#


You could see Terence.


Message History

The kobold throws a stone.
The stone hits you. 😕 HP[-1]
You take 1 damage, and now have 14/15 hp.
No target in range!
Casting: Scorch (safe; 21% risk of failure)
Press: ? - help, Q - select action, (/) - cycle Dir - look around, f - activate
Okay, then.
No target in range!
Casting: Scorch (safe; 21% risk of failure)
Press: ? - help, Q - select action, (/) - cycle Dir - look around, f - activate
Okay, then.
Terence the Incautious comes into view.
He is wielding a +0 mace.
The kobold throws a stone.
The stone barely misses you.
There is an entrance to Ameir's Antique Armour Shoppe here.
No target in range!
No target in range!
You aren't carrying any items that you can evoke.
Okay, then.
Casting: Scorch (safe; 21% risk of failure)
Confirm with . or Enter, or press ? or * to list all spells.
Aiming: Pain (safe; 1% risk of failure)
Press: ? - help, Shift-Dir - straight line, f - endoplasm
Aim: an endoplasm (asleep, chance to affect: 91%)
The endoplasm quivers.
The endoplasm writhes in agony.
Terence shouts!
You hear an angry hiss. 😕 HP[-1] MP[-1]
You take 1 damage, and now have 13/15 hp.
You lost 1 mp, and now have 7/8 mp.
Casting: Pain (safe; 1% risk of failure)
Confirm with . or Enter, or press ? or * to list all spells.
Aiming: Pain (safe; 1% risk of failure)
Press: ? - help, Shift-Dir - straight line, f/p - endoplasm
Aim: an endoplasm (severely wounded, chance to affect: 91%)
The endoplasm writhes in agony.
You kill the endoplasm! 😕 HP[-1] MP[-1]
You take 1 damage, and now have 12/15 hp.
You lost 1 mp, and now have 6/8 mp.
Casting: Scorch (safe; 19% risk of failure)
Press: ? - help, Q - select action, (/) - cycle Dir - look around, f - activate Flames lash the rat.
You kill the rat!
You hear an angry hiss.
An adder comes into view. 😕 MP[-2]
You lost 2 mp, and now have 4/8 mp.
Casting: Scorch (safe; 19% risk of failure)
Press: ? - help, Q - select action, (/) - cycle Dir - look around, f - activate Flames lash Terence.
Terence's fire resistance burns away.
A frilled lizard comes into view. 😕 HP[+1] MP[-2]
You lost 2 mp, and now have 2/8 mp.
Casting: Scorch (safe; 19% risk of failure)
Press: ? - help, Q - select action, (/) - cycle Dir - look around, f - activate Flames lash Terence.
Terence is burned terribly!
A kobold comes into view.
It is wielding a +0 short sword. 😕 MP[-2]
You lost 2 mp, and now have 0/8 mp.
You don't have enough magic to cast this spell.
Unknown command.
The kobold attacks as you move away! The kobold barely misses you.
The kobold throws a stone.
The stone hits you. 😮 HP[-3]
You take 3 damage, and now have 10/15 hp. 😮 MP[+1]
The kobold throws a stone.
The stone closely misses you.
Terence is no longer more vulnerable to fire.
There is a stone staircase leading up here.
Terence closely misses you.
You climb upwards.
There is a stone staircase leading down here.
Unknown command.
Unknown command.
You aren't carrying any items that you can evoke.
You aren't carrying any potions.
You aren't carrying any scrolls.
Terence attacks as you move away!
Terence hits you with a +0 mace. 😮 HP[-2] MP[+1]
You take 2 damage, and now have 8/15 hp.
Terence looks scornfully at you. Terence attacks as you move away!
Terence closely misses you. 😮 HP[+1] Terence attacks as you move away!
Terence completely misses you. Terence attacks as you move away!
Terence hits you with a +0 mace!
* * * LOW HITPOINT WARNING * * *
Terence shouts, "DIE!!!" 😱 HP[-7] MP[+1]
You take 7 damage, and now have 2/15 hp.
MASSIVE DAMAGE!! (PAUSE)
You aren't carrying any scrolls.
Unknown command.
You aren't carrying any scrolls.
Unknown command.
You aren't carrying any potions.
Terence shouts, "Get ready for death!"
Why would you want to do that? Terence attacks as you move away!
Terence hits you with a +0 mace!
Ouch! That really hurt!
You die...

Skill      XL: |  1 |
---------------+----+-----
Necromancy     | 5 |  5.2
Dodging        | |  2.4
Stealth        | |  2.4
Spellcasting   | |  3.7
Summonings     | |  0.6
Fire Magic     | |  0.3

Action                   || total
-------------------------++-------
 Cast: Pain              ||    27
       Scorch            ||     6
  Use: Scroll            ||     3
       Potion            ||     1
Armor: Robe              ||     2
Dodge: Dodged            ||    21

Levels and vault maps discovered:
D:1:      amcnicky_arrival_double_pillar, layout_basic
D:2:      layout_basic, serial_shops, nicolae_diamond_shop, uniq_terence,
          uniq_robin

Notes
Turn   | Place    | Note
-------+----------+-------------------------------------------
     0 | D:1      | spaghetti the Deep Elf Necromancer began the quest for the
                  | Orb.
     0 | D:1      | Reached XP level 1. HP: 10/10 MP: 6/6
     0 | D:1      | magus.rc [v1.9.6]
   359 | D:1      | Reached skill level 5 in Necromancy
   380 | D:1      | Reached XP level 2. HP: 3/15 MP: 1/8
   380 | D:1      | HP: 1/15 [hobgoblin (1)]
   653 | D:1      | You pick up a book of Scorching and begin reading...
   653 | D:1      | You add the spells Scorch, Flame Wave and Summon Cactus
                  | Giant to your library.
   891 | D:1      | Learned a level 2 spell: Scorch
  1164 | D:2      | You pick up a book of Scorching and begin reading...
  1195 | D:2      | Found Ameir's Antique Armour Shoppe.
  1204 | D:2      | Noticed Terence
  1231 | D:1      | HP: 2/15 [Terence/+0 mace (7)]
  1233 | D:1      | Mangled by Terence

Vanquished Creatures
  2 endoplasms
  A hobgoblin (D:1)
  5 jackals (D:1)
  A kobold (D:1)
  A quokka (D:1)
  2 ball pythons (D:1)
  A bat (D:2)
  A frilled lizard (D:1)
  3 goblins (D:1)
  2 rats
19 creatures vanquished.

Table legend:
 A = Non-vault XP
 B = Vault XP
 C = Vault XP percentage of total XP
 D = Non-vault monster count
 E = Vault monster count
 F = Vault count percentage of total count
                 A         B        C        D         E       F
            +---------+---------+-------+---------+---------+-------
      Total |      32 |       0 |   0.0 |      19 |       0 |   0.0
            +---------+---------+-------+---------+---------+-------
        D:1 |      28 |       0 |   0.0 |      16 |       0 |   0.0
        D:2 |       4 |       0 |   0.0 |       3 |       0 |   0.0
            +---------+---------+-------+---------+---------+-------

Illustrated notes

Table legend:
 A = Kills in this place as a percentage of kills in entire the game.
 B = Kills by you in this place as a percentage of kills by you in the entire game.
 C = Kills by friends in this place as a percentage of kills by friends in the entire game.
 D = Other kills in this place as a percentage of other kills in the entire game.
 E = Experience gained in this place as a percentage of experience gained in the entire game.
 F = Experience gained in this place divided by the number of levels of this place that you have seen.
                   A       B       C       D       E      F
               +-------+-------+-------+-------+-------+----------------------
         Total | 100.0 | 100.0 |   N/A |   N/A | 100.0 |  16.0
       Dungeon | 100.0 | 100.0 |   N/A |   N/A | 100.0 |  16.0
               +-------+-------+-------+-------+-------+----------------------

Table legend: (Time is in decaauts)
 A = Elapsed time spent in this place.
 B = Non-inter-level travel time spent in this place.
 C = Inter-level travel time spent in this place.
 D = Time resting spent in this place.
 E = Time spent auto-exploring this place.
 F = Levels seen in this place.
 G = Mean time per level.
                   A        B        C        D        E       F      G
               +--------+--------+--------+--------+--------+-----+--------+
         Total |   1233 |   1190 |     43 |    618 |    406 |   2 |  616.5 |
       Dungeon |   1233 |   1190 |     43 |    618 |    406 |   2 |  616.5 |
               +--------+--------+--------+--------+--------+-----+--------+

Top non-repeatable levels by time:
     D:1: 1042 daAuts
     D:2: 190 daAuts
